 Dungeon Crawl Stone Soup version 0.29-a0-872-g797fff5ad1 (webtiles) character file.

Game seed: 1541559202351732127

130 jimonade the Covert (level 5, -2/31 HPs)
             Began as a Kobold Brigand on July 18, 2022.
             Slain by Terence
             ... wielding a +0 flail
              (7 damage)
             ... on level 3 of the Dungeon.
             The game lasted 00:03:21 (2736 turns).

jimonade the Covert (Kobold Brigand)                Turns: 2736, Time: 00:03:22

Health: -2/31      AC:  4    Str:  8    XL:     5   Next: 36%
Magic:  5/5        EV: 14    Int: 12    God:
Gold:   159        SH:  0    Dex: 19    Spells: 4/4 levels left

rFire   . . .      SeeInvis .   a - +3 short sword
rCold   . . .      Faith    .   (no shield)
rNeg    . . .      Spirit   .   q - +0 robe
rPois   .          Reflect  .   (no helmet)
rElec   .          Harm     .   c - +0 cloak
rCorr   .          Rampage  .   (no gloves)
Will    .....                   k - +0 pair of boots
Stlth   +++++.....              (no amulet)
HPRegen 0.10/turn               (no ring)
MPRegen 0.09/turn               (no ring)

@: no status effects
A: small, no large weapons, nightstalker 3
a: no special abilities


You were on level 3 of the Dungeon.
You visited 1 branch of the dungeon, and saw 3 of its levels.

You collected 159 gold pieces.

Inventory:

Hand Weapons
 a - a +3 short sword (weapon)
 b - a +0 sling
 h - a +2 dagger
Missiles
 d - 9 poisoned darts (quivered)
 e - 3 curare-tipped darts
Armour
 c - a +0 cloak (worn)
 k - a +0 pair of boots (worn)
 q - a +0 robe (worn)
 t - a +0 chain mail
Scrolls
 f - a scroll of fog {unknown}
 i - 2 scrolls of vulnerability {unknown}
 j - 7 scrolls of identify {unknown}
 l - a scroll of noise {unknown}
 m - a scroll of blinking {unknown}
 n - 4 scrolls of teleportation {unknown}
 r - a scroll of enchant weapon {unknown}
 v - 2 scrolls of fear {unknown}
Potions
 g - a potion of brilliance {unknown}
 o - a potion of degeneration {unknown}
 p - 2 potions of curing {unknown}
 s - a potion of magic {unknown}
 u - a potion of attraction {unknown}
 w - a potion of might {unknown}
 x - 2 potions of flight {unknown}


   Skills:
 + Level 2.3 Fighting
 + Level 3.5 Short Blades
 - Level 2.1 Throwing
 + Level 1.7 Dodging
 * Level 8.1 Stealth


You had 4 spell levels left.
You didn't know any spells.
Your spell library contained the following spells:

 Spells                   Type           Power      Damage    Failure   Level
 Summon Small Mammal      Summ           0%         N/A       32%         1
 Summon Lightning Spire   Summ/Air       0%         N/A       97%         4
 Spellforged Servitor     Conj/Summ      0%         N/A       100%        7
 Maxwell's Capacitive Co  Air            0%         ∞         100%        8


Dungeon Overview and Level Annotations

Branches:
Dungeon (3/15)

Altars:
Cheibriados

Annotations:
D:3 Terence


Innate Abilities, Weirdness & Mutations

You are small and have problems with some larger weapons.
You are completely attuned to the shadows.


Message History

Terence shouts!
You hit Terence.
Terence is lightly wounded.
Terence closely misses you.
You barely miss Terence.
Terence is lightly wounded.
Terence misses you.
You barely miss Terence.
Terence is lightly wounded.
Terence hits you but does no damage.
You barely miss Terence.
Terence is lightly wounded.
Terence hits you with a +0 flail!
You hit Terence but do no damage.
Terence is lightly wounded.
Terence misses you.
You hit Terence.
Terence is lightly wounded.
Terence closely misses you.
You closely miss Terence.
Terence is lightly wounded.
Terence closely misses you.
You hit Terence.
Terence is moderately wounded.
Terence says, "You're history."
Terence hits you with a +0 flail!
You hit Terence but do no damage.
Terence is moderately wounded.
Terence hits you with a +0 flail!
You hit Terence.
Terence is moderately wounded.
Terence hits you with a +0 flail.
* * * LOW HITPOINT WARNING * * *
You hit Terence.
Terence is heavily wounded.
Terence barely misses you.
You closely miss Terence.
Terence is heavily wounded.
Terence hits you with a +0 flail!
You die...

#.# #....#
#....#>......##....
#.# #....#
##.................
#....#
#......#####......
##########...⌠.##
##.⌠...
..............##
##.... ###....##
##... ##..## ##..
#..#.. #.. #@.'..
#.# #@.#.. #.#
#..##. ##.# #...
##... #.... ##....
##.⌠... #####......
...........
####.......


You could see Terence.

Vanquished Creatures
  3 gnolls (D:3)
  3 adders
  3 dart slugs
  4 orcs (D:3)
  3 endoplasms
  2 giant cockroaches (D:1)
  5 goblins
  4 hobgoblins
  8 jackals
  5 kobolds
  A quokka (D:3)
  4 ball pythons
  11 bats
  3 frilled lizards
  5 rats
64 creatures vanquished.

Notes
Turn   | Place    | Note
-------+----------+-------------------------------------------
     0 | D:1      | jimonade the Kobold Brigand began the quest for the Orb.
     0 | D:1      | Reached XP level 1. HP: 12/12 MP: 1/1
   104 | D:1      | Reached XP level 2. HP: 17/17 MP: 2/2
   112 | D:1      | Reached skill level 6 in Stealth
   556 | D:1      | Reached XP level 3. HP: 21/21 MP: 3/3
  1001 | D:2      | Found a faded altar of an unknown god.
  1054 | D:2      | Reached skill level 7 in Stealth
  1286 | D:2      | Reached XP level 4. HP: 26/26 MP: 4/4
  1586 | D:2      | Found a snail-covered altar of Cheibriados.
  2068 | D:3      | Got the Vellum of United Conduction
  2564 | D:3      | Reached XP level 5. HP: 30/30 MP: 5/5
  2613 | D:3      | Reached skill level 8 in Stealth
  2722 | D:3      | Noticed Terence
  2736 | D:3      | Slain by Terence

Illustrated notes

Levels and vault maps discovered:
D:1:      tarquinn_simple_flora_water_a, layout_loops_ring, hex_tiny, hex_large,
          minmay_statues_item, palyth_stone_intersect
D:2:      layout_basic, basic_altar, shapermc_ecumenical_altar_mp_ritualfount
D:3:      layout_basic, nicolae_overflow_ecumenical_swirl,
          serial_co_window_serial, co_window_of_opportunity_a,
          co_window_paths_a, co_window_of_opportunity_a, co_window_paths_a,
          co_window_corner_a, co_window_paths_b, co_window_cross_1,
          co_window_corner_a, co_window_paths_a, co_window_unsneaky_path_c,
          co_window_unsneaky_path_b, co_window_broadway_b,
          co_window_unsneaky_path_e, glass_columns_a, glass_columns_b,
          uniq_terence

Skill      XL: |  1  2  3  4  5 |
---------------+----------------+-----
Stealth        | 6 7 8 |  8.1
Short Blades   | 3 |  3.5
Fighting       | |  2.3
Throwing       | |  2.1
Dodging        | |  1.7

Action                   |  1- 3 |  4- 6 || total
-------------------------+-------+-------++-------
Melee: Dagger            |    33 |       ||    33
       Short sword       |    26 |    79 ||   105
       Punch             |       |     1 ||     1
 Stab: Sleeping          |    27 |    13 ||    40
       Distracted        |       |     1 ||     1
Armor: Robe              |    10 |    14 ||    24
Dodge: Dodged            |    29 |    40 ||    69

Table legend: (Time is in decaauts)
 A = Elapsed time spent in this place.
 B = Non-inter-level travel time spent in this place.
 C = Inter-level travel time spent in this place.
 D = Time resting spent in this place.
 E = Time spent auto-exploring this place.
 F = Levels seen in this place.
 G = Mean time per level.
                   A        B        C        D        E       F      G
               +--------+--------+--------+--------+--------+-----+--------+
         Total |   2725 |   2650 |     75 |      0 |   2165 |   3 |  908.3 |
       Dungeon |   2725 |   2650 |     75 |      0 |   2165 |   3 |  908.3 |
               +--------+--------+--------+--------+--------+-----+--------+

Top non-repeatable levels by time:
     D:1: 915 daAuts
     D:2: 906 daAuts
     D:3: 904 daAuts
